SAA
HUNTINGTON BEACH SURF @ LANNISTER UNITED LIONHEARTS
09/19/2019
 
TOP OF THE 1ST
Huntington Beach Surf batting - Pitching for Lannister United Lionhearts : RHP Jeffrey Chase
Pitching: RHP Jeffrey Chase
Batting: RHB Warner Robinson 0-0: Ball
1-0: Ground out 5-3 (Groundball, 56S)
Batting: RHB Albert Morales 0-0: Ball
1-0: Foul Ball, location: 2F
1-1: Swinging Strike
1-2: Ball
2-2: Foul Ball, location: 2F
2-2: Ball
3-2: Fly out, F8 (Flyball, 8RM)
Batting: LHB Bartolo Benítez 0-0: Ball
1-0: Reached on error, E5 (Groundball, 5S)
Batting: RHB Juan García 0-0: Called Strike
0-1: Ball
1-1: Ball
2-1: Swinging Strike
2-2: SINGLE (Line Drive, 9LS)
Bartolo Benítez to second
Batting: LHB Terry Johnson 0-0: Ball
1-0: Called Strike
1-1: DOUBLE (Line Drive, 4M)
Bartolo Benítez scores
Juan García to third
Runner from 3rd tries for Home, SAFE, no throw or cutoff
Batting: RHB Dave Young 0-0: Ball
1-0: Ball
2-0: Fly out, F3 (Line Drive, 3S)
Top of the 1st over - 2 run(s), 2 hit(s), 1 error(s), 1 left on base; Huntington Beach 2 - Lannister United 0
BOTTOM OF THE 1ST
Lannister United Lionhearts batting - Pitching for Huntington Beach Surf : RHP Jim Unknown
Pitching: RHP Jim Unknown
Batting: RHB Jean Chamissa 0-0: Ball
1-0: Foul Ball, location: 2F
1-1: Swinging Strike
1-2: Ball
2-2: Ball
3-2: Foul Ball, location: 2F
3-2: Foul Ball, location: 2F
3-2: Strikes out swinging
Batting: LHB John Cossey 0-0: Ball
1-0: Called Strike
1-1: Foul Ball, location: 2F
1-2: Ball
2-2: Strikes out swinging
Batting: RHB José Muñóz 0-0: Called Strike
0-1: Ball
1-1: Swinging Strike
1-2: Ball
2-2: Strikes out swinging
Bottom of the 1st over - 0 run(s), 0 hit(s), 0 error(s), 0 left on base; Huntington Beach 2 - Lannister United 0
TOP OF THE 2ND
Huntington Beach Surf batting - Pitching for Lannister United Lionhearts : RHP Jeffrey Chase
Batting: RHB Austin Henderson 0-0: Ball
1-0: Ground out 6-3 (Groundball, 6M)
Batting: RHB Mike Burns 0-0: Fly out, F6 (Line Drive, 56)
Batting: LHB Jim Unknown 0-0: Called Strike
0-1: Ball
1-1: Foul Ball, location: 2F
1-2: Ball
2-2: Ball
3-2: Strikes out swinging
Top of the 2nd over - 0 run(s), 0 hit(s), 0 error(s), 0 left on base; Huntington Beach 2 - Lannister United 0
BOTTOM OF THE 2ND
Lannister United Lionhearts batting - Pitching for Huntington Beach Surf : RHP Jim Unknown
Batting: LHB António Rivera 0-0: Ball
1-0: Called Strike
1-1: TRIPLE (Line Drive, 9M)
Batting: RHB Andrew Weeks 0-0: Ball
1-0: Called Strike
1-1: Foul Ball, location: 2F
1-2: Ball
2-2: Ground out 6-3 (Groundball, 6)
António Rivera scores
Batting: RHB Jeffery Campbell 0-0: Called Strike
0-1: Ball
1-1: Ball
2-1: Swinging Strike
2-2: Ball
3-2: SINGLE (Line Drive, 9LS)
Batting: RHB Jonathan Widdop 0-0: Ball
1-0: SINGLE (Line Drive, 4M)
Jeffery Campbell to second
Batting: RHB Cale Beazley 0-0: Called Strike
0-1: DOUBLE (Line Drive, 7LS)
Jeffery Campbell scores
Jonathan Widdop to third
Batting: RHB Adrian Barr 0-0: Swinging Strike
0-1: Ground out U3 (Groundball, 3)
Batting: RHB Jean Chamissa 0-0: Ball
1-0: Ball
2-0: Ball
3-0: Called Strike
3-1: SINGLE (Line Drive, 6MD)
Jonathan Widdop scores
Cale Beazley to third
Batting: LHB John Cossey 0-0: Called Strike
Jean Chamissa is caught stealing 2nd base
Bottom of the 2nd over - 3 run(s), 5 hit(s), 0 error(s), 0 left on base; Huntington Beach 2 - Lannister United 3
TOP OF THE 3RD
Huntington Beach Surf batting - Pitching for Lannister United Lionhearts : RHP Jeffrey Chase
Batting: RHB Warner Robinson 0-0: Ball
1-0: Called Strike
1-1: Called Strike
1-2: SINGLE (Line Drive, 8LS)
Batting: RHB Albert Morales 0-0: Called Strike
0-1: Ball
1-1: SINGLE (Line Drive, 56D)
Warner Robinson to second
Batting: LHB Bartolo Benítez 0-0: Ball
1-0: Called Strike
1-1: Ball
2-1: Foul Ball, location: 2F
2-2: Foul Ball, location: 2F
2-2: Ball
3-2: Grounds into TRIPLE play, U5-4
3-2: Grounds into TRIPLE play, U5-4 (Groundball, 5L)
Top of the 3rd over - 0 run(s), 2 hit(s), 0 error(s), 0 left on base; Huntington Beach 2 - Lannister United 3
BOTTOM OF THE 3RD
Lannister United Lionhearts batting - Pitching for Huntington Beach Surf : RHP Jim Unknown
Batting: LHB John Cossey 0-0: Ball
1-0: Called Strike
1-1: SINGLE (Line Drive, 9LS)
Batting: RHB José Muñóz 0-0: Foul Ball, location: 2F
0-1: Fielders Choice at 2nd, 6-4 (Groundball, 6)
Batting: LHB António Rivera 0-0: Ball
1-0: Ball
2-0: Called Strike
2-1: Foul Ball, location: 2F
2-2: Strikes out looking
José Muñóz steals 2nd base
Batter strikes out.
Batting: RHB Andrew Weeks 0-0: Called Strike
0-1: Ground out 2-3 (Groundball, 2R)
Bottom of the 3rd over - 0 run(s), 1 hit(s), 0 error(s), 1 left on base; Huntington Beach 2 - Lannister United 3
TOP OF THE 4TH
Huntington Beach Surf batting - Pitching for Lannister United Lionhearts : RHP Jeffrey Chase
Batting: RHB Juan García 0-0: Foul Ball, location: 2F
0-1: Hit by Pitch
Batting: LHB Terry Johnson 0-0: Swinging Strike
0-1: Ball
1-1: Called Strike
1-2: Foul Ball, location: 2F
1-2: Ball
2-2: Ball
3-2: 2-RUN HOME RUN (Flyball, 9LD), Distance : 350 ft
Pitching: RHP Rodger de Meza
Batting: RHB Dave Young 0-0: Ball
1-0: Ball
2-0: SINGLE (Flyball, 7LS)
Batting: RHB Austin Henderson 0-0: Called Strike
0-1: Ball
1-1: Ball
2-1: Ball
3-1: Base on Balls
Dave Young to second
Batting: RHB Mike Burns 0-0: Foul Ball, location: 2F
0-1: Ball
1-1: Ball
2-1: Foul Ball, location: 2F
2-2: Foul Ball, location: 2F
2-2: SINGLE (Line Drive, 4MD)
Dave Young to third
Austin Henderson to second
Batting: LHB Jim Unknown 0-0: Ball
1-0: Ball
2-0: Grounds into double play, 4-6-3 (Groundball, 4)
Dave Young scores
Austin Henderson to third
Batting: RHB Warner Robinson 0-0: Foul Ball, location: 2F
0-1: Ball
1-1: Ball
2-1: SINGLE (Line Drive, 4D)
Austin Henderson scores
Batting: RHB Albert Morales 0-0: Ground out 6-3 (Groundball, 6)
Top of the 4th over - 4 run(s), 4 hit(s), 0 error(s), 1 left on base; Huntington Beach 6 - Lannister United 3
BOTTOM OF THE 4TH
Lannister United Lionhearts batting - Pitching for Huntington Beach Surf : RHP Jim Unknown
Batting: RHB Jeffery Campbell 0-0: Called Strike
0-1: Swinging Strike
0-2: Ball
1-2: Ball
2-2: Strikes out swinging
Batting: RHB Jonathan Widdop 0-0: Foul Ball, location: 2F
0-1: Ball
1-1: Swinging Strike
1-2: Strikes out swinging
Batting: RHB Cale Beazley 0-0: Called Strike
0-1: Swinging Strike
0-2: Foul Ball, location: 2F
0-2: Ball
1-2: Ball
2-2: Ball
3-2: Strikes out looking
Bottom of the 4th over - 0 run(s), 0 hit(s), 0 error(s), 0 left on base; Huntington Beach 6 - Lannister United 3
TOP OF THE 5TH
Huntington Beach Surf batting - Pitching for Lannister United Lionhearts : RHP Rodger de Meza
Batting: LHB Bartolo Benítez 0-0: SINGLE (Groundball, 3L)
Batting: RHB Juan García 0-0: Swinging Strike
0-1: Swinging Strike
0-2: DOUBLE (Line Drive, 4D)
Bartolo Benítez to third
Batting: LHB Terry Johnson 0-0: Ball
1-0: Ball
2-0: Ball
3-0: Base on Balls
Batting: RHB Dave Young 0-0: Foul Ball, location: 2F
0-1: Called Strike
0-2: Fly out, F9 (Popup, 4D)
Batting: RHB Austin Henderson 0-0: Ball
1-0: Swinging Strike
1-1: Swinging Strike
1-2: Fly out, F9 (Flyball, 89M)
Batting: RHB Mike Burns 0-0: DOUBLE (Line Drive, 89D)
Bartolo Benítez scores
Juan García scores
Terry Johnson to third
Runner from 3rd tries for Home, SAFE, no throw or cutoff
Pitching: RHP Clinton Anderson
Batting: LHB Jim Unknown 0-0: Swinging Strike
0-1: Ball
Wild Pitch!
Mike Burns to third
1-1: Ball
2-1: Ball
Wild Pitch!
Mike Burns scores
3-1: Called Strike
3-2: Base on Balls
Batting: RHB Warner Robinson 0-0: Foul Ball, location: 2F
0-1: Ball
1-1: Ball
2-1: SINGLE (Groundball, 56D)
Jim Unknown to second
Batting: RHB Albert Morales 0-0: Fly out, F8 (Flyball, 8LM)
Top of the 5th over - 4 run(s), 4 hit(s), 0 error(s), 2 left on base; Huntington Beach 10 - Lannister United 3
BOTTOM OF THE 5TH
Lannister United Lionhearts batting - Pitching for Huntington Beach Surf : RHP Jim Unknown
Batting: RHB Adrian Barr 0-0: Ball
1-0: SINGLE (Line Drive, 3)
Batting: RHB Jean Chamissa 0-0: Called Strike
0-1: Ball
1-1: Fielders Choice at 2nd, 5-4 (Groundball, 56)
Batting: LHB John Cossey 0-0: Called Strike
0-1: Grounds into double play, 6-4-3 (Groundball, 6)
Bottom of the 5th over - 0 run(s), 1 hit(s), 0 error(s), 0 left on base; Huntington Beach 10 - Lannister United 3
TOP OF THE 6TH
Huntington Beach Surf batting - Pitching for Lannister United Lionhearts : RHP Clinton Anderson
Batting: LHB Bartolo Benítez 0-0: Ball
1-0: Ball
2-0: Swinging Strike
2-1: Foul Ball, location: 2F
2-2: Strikes out swinging
Batting: RHB Juan García 0-0: Ball
1-0: Fly out, F7 (Line Drive, 7D)
Batting: LHB Terry Johnson 0-0: Called Strike
0-1: Foul Ball, location: 2F
0-2: Ball
1-2: Ball
2-2: Ball
3-2: Strikes out swinging
Top of the 6th over - 0 run(s), 0 hit(s), 0 error(s), 0 left on base; Huntington Beach 10 - Lannister United 3
BOTTOM OF THE 6TH
Lannister United Lionhearts batting - Pitching for Huntington Beach Surf : RHP Jim Unknown
Batting: RHB José Muñóz 0-0: Ground out 6-3 (Groundball, 6)
Batting: LHB António Rivera 0-0: Called Strike
0-1: Ball
1-1: Foul Ball, location: 2F
1-2: TRIPLE (Line Drive, 3L)
Pinch Runner at 3rd Jim Unknown:
Batting: RHB Andrew Weeks 0-0: Ball
1-0: Ball
2-0: Foul Ball, location: 2F
2-1: Foul Ball, location: 2F
2-2: Foul Ball, location: 2F
2-2: Foul Ball, location: 2F
2-2: Foul Ball, location: 2F
2-2: Foul Ball, location: 2F
2-2: Strikes out looking
Batting: RHB Jeffery Campbell 0-0: Ball
1-0: Ground out 4-3 (Groundball, 4M)
Bottom of the 6th over - 0 run(s), 1 hit(s), 0 error(s), 1 left on base; Huntington Beach 10 - Lannister United 3
TOP OF THE 7TH
Huntington Beach Surf batting - Pitching for Lannister United Lionhearts : RHP Clinton Anderson
Batting: RHB Dave Young 0-0: Ball
1-0: Ball
2-0: Foul Ball, location: 2F
2-1: Swinging Strike
2-2: SINGLE (Groundball, 34D) (infield hit)
Batting: RHB Austin Henderson 0-0: Ball
1-0: Hit by Pitch
Dave Young to second
Batting: RHB Mike Burns 0-0: Ball
1-0: Called Strike
1-1: Ball
2-1: Ball
3-1: Fielders Choice at 2nd, 5-4 (Groundball, 5)
Dave Young to third
Batting: LHB Jim Unknown 0-0: Swinging Strike
0-1: Ball
1-1: Swinging Strike
1-2: Grounds into double play, 4-6-3 (Groundball, 4)
Top of the 7th over - 0 run(s), 1 hit(s), 0 error(s), 1 left on base; Huntington Beach 10 - Lannister United 3
BOTTOM OF THE 7TH
Lannister United Lionhearts batting - Pitching for Huntington Beach Surf : RHP Jim Unknown
Batting: RHB Jonathan Widdop 0-0: Ball
1-0: Reached on Error, E9 (Line Drive, 9M)
Batting: RHB Cale Beazley 0-0: Ball
1-0: Ball
2-0: Foul Ball, location: 2F
2-1: Ball
3-1: Base on Balls
Jonathan Widdop to second
Batting: RHB Adrian Barr 0-0: Ball
1-0: Ball
2-0: Foul Ball, location: 2F
2-1: Foul Ball, location: 2F
2-2: SINGLE (Groundball, 6M)
Jonathan Widdop to third
Cale Beazley to second
Pitching: LHP Jeffrey Brown
Batting: RHB Jean Chamissa 0-0: Called Strike
0-1: DOUBLE (Line Drive, 8LM)
Jonathan Widdop scores
Cale Beazley scores
Adrian Barr to third
Batting: LHB John Cossey 0-0: Called Strike
0-1: Ball
1-1: Swinging Strike
1-2: Foul Ball, location: 2F
1-2: Ball
2-2: Foul Ball, location: 2F
2-2: Strikes out swinging
Batting: RHB José Muñóz 0-0: Ball
1-0: Ball
2-0: Swinging Strike
2-1: Foul Ball, location: 2F
2-2: SINGLE (Groundball, 2R) (infield hit)
Batting: LHB Jim Unknown 0-0: Ball
1-0: Ball
2-0: SINGLE (Flyball, 9S)
Adrian Barr scores
Jean Chamissa to third
José Muñóz to second
Batting: RHB Andrew Weeks 0-0: Ball
1-0: Called Strike
1-1: Fly out, F4 (Popup, 4MD)
Batting: RHB Jeffery Campbell 0-0: Ball
1-0: SINGLE (Line Drive, 9S)
Jean Chamissa scores
José Muñóz to third
Jim Unknown to second
Runner from 3rd tries for Home, SAFE, no throw or cutoff
Pinch Runner at 2nd Raúl Delgado:
Pinch Hitting: RHB Michael Hicks 0-0: Called Strike
0-1: Swinging Strike
0-2: Ball
1-2: Ball
2-2: Ball
3-2: SINGLE (Groundball, 6M)
Raúl Delgado to third
Jeffery Campbell to second
Raúl Delgado scores
Jeffery Campbell to third
Pitching: RHP Pat Pérez
Pinch Hitting: RHB Jim Unknown 0-0: Ball
1-0: Swinging Strike
1-1: Ball
2-1: Called Strike
2-2: Ball
3-2: Ground out 6-3 (Groundball, 6)
Bottom of the 7th over - 6 run(s), 6 hit(s), 1 error(s), 2 left on base; Huntington Beach 10 - Lannister United 9
TOP OF THE 8TH
Huntington Beach Surf batting - Pitching for Lannister United Lionhearts : RHP Clinton Anderson
Pitching: LHP Ezio Deodato
Now at 1B: Arturo Read
Now at SS: Michael Hicks
Batting: RHB Warner Robinson 0-0: Called Strike
0-1: Called Strike
0-2: Ball
1-2: Ball
2-2: Strikes out swinging
Batting: RHB Albert Morales 0-0: Ball
1-0: Ground out 6-3 (Groundball, 6)
Batting: LHB Bartolo Benítez 0-0: Called Strike
0-1: Ball
1-1: Ball
2-1: Ball
3-1: Called Strike
3-2: SINGLE (Line Drive, 6D)
Batting: RHB Juan García 0-0: Foul Ball, location: 2F
0-1: Ball
1-1: Foul Ball, location: 2F
1-2: Ball
2-2: Ground out 6-3 (Groundball, 6)
Top of the 8th over - 0 run(s), 1 hit(s), 0 error(s), 1 left on base; Huntington Beach 10 - Lannister United 9
BOTTOM OF THE 8TH
Lannister United Lionhearts batting - Pitching for Huntington Beach Surf : RHP Pat Pérez
Batting: RHB Adrian Barr 0-0: Called Strike
0-1: Ball
1-1: Ball
2-1: SINGLE (Flyball, 8RS)
Batting: RHB Jean Chamissa 0-0: Ball
1-0: Ball
2-0: Ball
3-0: Base on Balls
Adrian Barr to second
Batting: LHB John Cossey 0-0: Ball
1-0: Ball
2-0: Ball
3-0: Called Strike
3-1: Foul Ball, location: 2F
3-2: Foul Ball, location: 2F
3-2: Base on Balls
Adrian Barr to third
Jean Chamissa to second
Batting: RHB José Muñóz 0-0: Ball
1-0: Ball
2-0: SINGLE (Groundball, 6M)
Adrian Barr scores
Jean Chamissa to third
John Cossey to second
Batting: RHB Arturo Read 0-0: Ball
1-0: Foul Ball, location: 2F
1-1: Foul Ball, location: 2F
1-2: Foul Ball, location: 2F
1-2: Strikes out looking
Batting: RHB Andrew Weeks 0-0: Ball
1-0: Ball
2-0: Called Strike
2-1: Foul Ball, location: 2F
2-2: GRAND SLAM HOME RUN (Flyball, 8RXD), Distance : 434 ft
Pitching: RHP Anthony Snyder
Batting: RHB Jeffery Campbell 0-0: Swinging Strike
0-1: Ball
1-1: Foul Ball, location: 2F
1-2: Strikes out swinging
Batting: RHB Michael Hicks 0-0: Foul Ball, location: 2F
0-1: Swinging Strike
0-2: Ball
1-2: Foul Ball, location: 2F
1-2: Fly out, F7 (Flyball, 78M)
Bottom of the 8th over - 5 run(s), 3 hit(s), 0 error(s), 0 left on base; Huntington Beach 10 - Lannister United 14
TOP OF THE 9TH
Huntington Beach Surf batting - Pitching for Lannister United Lionhearts : LHP Ezio Deodato
Batting: LHB Terry Johnson 0-0: Called Strike
0-1: Swinging Strike
0-2: Ball
1-2: Strikes out looking
Batting: RHB Dave Young 0-0: Foul Ball, location: 2F
0-1: Ball
1-1: Ball
2-1: Foul Ball, location: 2F
2-2: Ground out 1-3 (Groundball, 15S)
Batting: RHB Austin Henderson 0-0: Ball
1-0: Ball
2-0: Ball
3-0: Called Strike
3-1: Swinging Strike
3-2: Foul Ball, location: 2F
3-2: Reached on Error, E8 (Flyball, 8LM)
Batting: RHB Mike Burns 0-0: Ball
1-0: Called Strike
1-1: Ball
2-1: Swinging Strike
2-2: Ball
3-2: Strikes out swinging
Top of the 9th over - 0 run(s), 0 hit(s), 1 error(s), 1 left on base; Huntington Beach 10 - Lannister United 14
This league is powered by Out of the Park Baseball, the baseball management simulation game for PC, Mac and Linux
Saturday, July 25th, 2015 - OOTP Baseball 15.6 Build 34